Map: 2000 Atmospheres LE

Players

Evan - Winner!

  • Race: Zerg Zerg
  • League: Diamond

Spotlight

  • Race: Protoss Protoss
  • League: Master

VOD

Have the link to the VOD?

Description

Time

  • Played on: Dec. 10, 2021, 12:30 p.m.
  • Length: 17:50
Show
View Real Time Build Order
Export as new Build Order

Evan Zerg - Winner!

Build Orders: Hatch First, Lurkers 

Get SALT Encoding   

  12  0:01  Drone  
  13  0:12  Overlord  
  13  0:16  Drone  
  14  0:31  Drone x2  
  16  0:48  Hatchery  
  15  0:51  Drone  
  15  0:55  Drone  
  17  0:59  Drone  
  18  1:12  Extractor  
  18  1:15  Spawning Pool  
  18  1:18  Drone  
  17  1:23  Drone  
  18  1:30  Drone  
  19  1:39  Drone  
  20  2:02  Queen  
  20  2:03  Drone x3  
  25  2:08  Hatchery  
  24  2:22  Zergling x4  
  26  2:26  Overlord  
  26  2:33  Queen  
  28  2:38  Pneumatized Carapace  
  28  2:45  Drone x3  
  28  2:46  Drone  
  28  2:47  Drone  
  33  2:55  Overlord  
  33  3:00  Drone  
  34  3:06  Metabolic Boost  
  34  3:08  Drone x2  
  34  3:11  Overlord  
  36  3:16  Queen  
  38  3:25  Zergling x2  
  38  3:31  Zergling x4  
  39  3:38  Overlord  
  39  3:41  Queen  
  39  3:42  Overlord, Queen  
  39  3:44  Drone  
  39  3:45  Drone  
  39  3:47  Drone  
  39  3:48  Drone  
  47  3:52  Spore Crawler  
  47  3:55  Spore Crawler  
  45  3:59  Lair  
  45  4:07  Zergling x2  
  45  4:08  Drone x2  
  45  4:09  Drone  
  48  4:10  Drone  
  48  4:16  Drone  
  51  4:17  Drone x3  
  51  4:22  Queen  
  55  4:37  Drone x3  
  55  4:38  Drone x6  
  64  4:46  Extractor  
  64  4:47  Extractor  
  64  4:48  Roach Warren, Drone  
  64  4:49  Drone x2  
  64  4:55  Drone x2  
  64  4:57  Overlord  
  66  5:04  Overlord  
  66  5:08  Overlord  
  66  5:15  Evolution Chamber  
  66  5:17  Drone  
  66  5:19  Drone  
  66  5:20  Drone x2  
  69  5:22  Overlord  
  69  5:23  Hatchery  
  69  5:24  Drone  
  69  5:27  Drone, Glial Reconstitution  
  70  5:28  Evolution Chamber  
  70  5:29  Drone x2  
  70  5:30  Drone x2  
  70  5:31  Extractor, Drone  
  70  5:34  Roach  
  70  5:35  Roach  
  77  5:36  Roach  
  77  5:38  Roach  
  77  5:41  Drone  
  82  5:43  Drone x2  
  82  5:46  Extractor  
  82  5:47  Zerg Missile Weapons Level 1, Extractor  
  82  5:51  Drone x3  
  82  5:52  Drone x2  
  82  5:53  Drone  
  82  5:56  Zerg Ground Armor Level 1  
  88  6:02  Roach  
  90  6:04  Overlord x2  
  90  6:13  Overlord  
  90  6:18  Overlord  
  90  6:24  Infestation Pit, Drone x2  
  90  6:25  Hydralisk Den  
  89  6:33  Spore Crawler  
  89  6:37  Extractor  
  87  6:41  Drone  
  87  6:42  Extractor, Drone x4  
  87  6:43  Drone  
  87  6:44  Drone x2  
  87  6:46  Drone x2  
  96  6:48  Roach x5  
  96  6:49  Roach  
  96  6:50  Ravager, Overseer  
  109  6:55  Overlord  
  109  6:57  Overlord x3  
  108  7:09  Hive  
  108  7:14  Lurker Den  
  107  7:27  Overlord, Hydralisk  
  107  7:28  Hydralisk x10  
  129  7:33  Overlord  
  121  7:58  Drone x3  
  123  8:08  Zerg Ground Armor Level 2, Zerg Missile Weapons Level 2  
  123  8:09  Overlord  
  123  8:10  Hydralisk  
  123  8:11  Hydralisk x6  
  137  8:16  Overlord  
  137  8:20  Overlord x3  
  137  8:27  Overseer  
  137  8:32  Viper, Adaptive Talons  
  140  8:38  Viper  
  143  8:45  Spine Crawler, Drone x3  
  143  8:46  Drone x2  
  143  8:47  Spine Crawler  
  146  8:55  Lurker x3  
  149  8:57  Spine Crawler  
  149  8:58  Spine Crawler  
  149  9:01  Spore Crawler  
  142  9:23  Lurker  
  142  9:24  Lurker x5  
  146  9:30  Drone x4  
  146  9:31  Spine Crawler  
  149  9:33  Spine Crawler, Drone  
  149  9:34  Spine Crawler x2  
  149  9:35  Spine Crawler x3  
  149  9:37  Drone x2  
  149  9:38  Spine Crawler, Drone x2  
  147  9:39  Spine Crawler x2  
  147  9:40  Spine Crawler, Overseer  
  147  9:45  Lurker x4  
  148  9:48  Hydralisk  
  148  9:52  Seismic Spines  
  150  9:58  Grooved Spines  
  150  10:13  Hydralisk  
  150  10:14  Hydralisk x6  
  165  10:42  Lurker  
  165  10:43  Lurker x5  
  170  10:55  Viper  
  168  11:09  Hydralisk  
  168  11:10  Hydralisk x7  
  168  11:11  Hydralisk x2  
  184  11:13  Overlord x3  
  177  11:30  Hydralisk x8  
  169  11:48  Zerg Missile Weapons Level 3  
  169  11:52  Hydralisk x5  
  161  12:10  Hydralisk x3  
  161  12:11  Hydralisk x5  
  154  12:29  Hydralisk x6  
  154  12:49  Viper x2  
  152  12:52  Lurker x2  
  148  13:32  Hydralisk  
  148  13:33  Hydralisk x12  
  155  13:55  Hydralisk  
  155  13:56  Hydralisk x10  
  177  14:06  Hydralisk  
  177  14:07  Hydralisk  
  177  14:32  Hydralisk x6  
  177  14:33  Hydralisk x3  
  193  15:00  Lurker x6  
  193  15:01  Lurker  
  200  15:55  Spire x2  
  198  15:59  Spine Crawler  
  198  16:02  Spine Crawler  
  198  16:03  Spine Crawler  
  195  16:04  Spine Crawler  
  194  16:41  Drone x3  
  194  16:42  Drone  
  194  16:44  Spine Crawler  
  197  17:04  Extractor  
  197  17:05  Hatchery  
  197  17:06  Spore Crawler  
  197  17:07  Spore Crawler  
  193  17:09  Spore Crawler  
  189  17:40  Hatchery  
  189  17:43  Extractor  
  185  17:44  Extractor  
Show
View Real Time Build Order
Export as new Build Order

Spotlight Protoss 

Build Orders: 1 Gate Expand, Archon Immortal 

Get SALT Encoding   

  12  0:00  Probe  
  13  0:13  Probe  
  14  0:19  Pylon  
  14  0:25  Probe  
  15  0:38  Gateway  
  15  0:40  Probe (Chrono Boost)  
  16  0:44  Assimilator  
  16  0:49  Probe (Chrono Boost)  
  17  0:54  Probe (Chrono Boost)  
  18  1:06  Probe  
  19  1:22  Probe  
  19  1:24  Nexus  
  20  1:33  Cybernetics Core  
  20  1:36  Probe  
  21  1:44  Assimilator  
  21  1:51  Probe  
  21  1:52  Pylon  
  22  2:03  Probe  
  22  2:07  Adept (Chrono Boost)  
  25  2:19  Probe  
  26  2:25  Stargate  
  26  2:31  Adept  
  26  2:34  Probe (Chrono Boost)  
  26  2:36  Probe (Chrono Boost)  
  31  2:47  Warp Gate, Probe (Chrono Boost)  
  31  2:48  Gateway  
  31  2:49  Probe (Chrono Boost)  
  32  2:55  Probe  
  33  2:58  Probe  
  33  3:00  Void Ray (Chrono Boost)  
  33  3:01  Adept  
  36  3:10  Probe  
  36  3:12  Probe  
  42  3:21  Pylon  
  42  3:22  Probe  
  43  3:28  Probe  
  44  3:34  Probe  
  44  3:40  Probe  
  44  3:41  Adept  
  48  3:42  Assimilator  
  48  3:44  Assimilator  
  48  3:46  Probe  
  49  3:49  Adept  
  49  3:52  Probe  
  52  3:57  Pylon  
  52  3:59  Twilight Council  
  52  4:01  Probe  
  53  4:10  Probe  
  53  4:15  Probe  
  55  4:20  Robotics Facility  
  55  4:22  Gateway  
  55  4:25  Probe, Gateway  
  55  4:27  Probe, Charge (Chrono Boost)  
  55  4:28  Pylon  
  57  4:38  Probe  
  58  4:39  Probe  
  59  4:55  Nexus  
  59  4:56  Pylon  
  59  4:58  Pylon  
  59  5:07  Immortal (Chrono Boost)  
  59  5:08  Forge  
  59  5:09  Templar Archives  
  59  5:12  Probe  
  59  5:14  Probe  
  65  5:27  Forge  
  65  5:29  Forge  
  65  5:30  Pylon, Probe  
  65  5:31  Probe  
  65  5:33  Oracle (Chrono Boost)  
  70  5:43  Probe  
  70  5:45  Warp Prism  
  70  5:46  Protoss Ground Weapons Level 1 (Chrono Boost)  
  73  5:54  Probe  
  73  5:55  Probe  
  75  5:58  Protoss Shields Level 1 (Chrono Boost), Zealot  
  77  6:07  Probe (Chrono Boost)  
  77  6:09  Probe (Chrono Boost)  
  79  6:15  Probe (Chrono Boost), Gateway  
  81  6:18  Gateway  
  81  6:24  Probe x2 (Chrono Boost)  
  82  6:31  Probe  
  83  6:32  High Templar  
  83  6:33  Probe, High Templar x3  
  83  6:34  Probe  
  83  6:37  Assimilator  
  93  6:41  Assimilator  
  93  6:42  Pylon  
  93  6:43  Probe  
  93  6:47  Probe  
  95  6:50  Immortal (Chrono Boost), Archon  
  95  6:51  Archon  
  95  6:53  Psionic Storm  
  99  6:55  Probe  
  99  6:59  Probe  
  101  7:07  Zealot x4  
  109  7:08  Probe  
  109  7:09  Probe  
  109  7:11  Probe  
  112  7:22  Observer  
  113  7:29  High Templar x2  
  117  7:34  Pylon  
  117  7:37  Pylon  
  117  7:38  Photon Cannon  
  117  7:40  Photon Cannon  
  117  7:41  Shield Battery  
  117  7:44  Shield Battery  
  111  7:52  Void Ray  
  111  7:53  Nexus  
  111  7:56  Pylon  
  111  7:58  Immortal, Pylon  
  117  8:06  High Templar x2  
  117  8:08  Probe  
  117  8:09  Probe x2  
  117  8:10  High Templar  
  117  8:11  Zealot x2  
  117  8:12  Zealot  
  132  8:15  Gateway  
  132  8:16  Gateway  
  132  8:19  Gateway  
  132  8:21  Photon Cannon  
  132  8:23  Protoss Ground Weapons Level 2 (Chrono Boost)  
  132  8:24  Shield Battery  
  132  8:26  Photon Cannon  
  132  8:36  Probe  
  132  8:37  Immortal, Protoss Shields Level 2 (Chrono Boost), Probe  
  138  8:41  Zealot x2  
  138  8:42  Zealot  
  144  9:09  Zealot x6  
  144  9:18  Zealot x5  
  144  9:19  Probe  
  144  9:20  Probe  
  146  9:24  Robotics Facility  
  146  9:27  Dark Shrine  
  146  9:31  Probe  
  147  9:32  Fleet Beacon, Probe  
  147  9:33  Assimilator, Pylon  
  147  9:35  Assimilator  
  147  9:38  Probe  
  149  9:40  High Templar  
  149  9:41  High Templar  
  149  9:43  Probe  
  149  9:44  Probe  
  155  9:50  Zealot x4  
  163  9:56  Immortal  
  167  10:10  Protoss Air Weapons Level 1 (Chrono Boost)  
  168  10:28  Observer  
  168  10:29  Robotics Bay  
  169  10:35  Observer  
  159  11:05  Stalker x3  
  159  11:06  Stalker x3  
  143  11:39  Stalker x3  
  143  11:40  Stalker x5  
  143  11:47  Disruptor x2  
  138  12:02  Zealot x4  
  138  12:03  Zealot x4  
  128  12:22  Zealot x2  
  112  12:23  Zealot x5  
  112  12:24  Zealot  
  112  12:28  Void Ray  
  118  12:35  Disruptor x2  
  104  12:45  Zealot x6  
  104  12:46  Zealot x2  
  109  13:04  Nexus  
  108  13:09  Stalker x3  
  108  13:10  Stalker x5  
  116  13:37  Zealot  
  116  13:38  Zealot x5  
  81  14:01  Immortal (Chrono Boost)  
  71  14:02  Immortal (Chrono Boost)  
  71  14:03  Dark Templar x2  
  71  14:04  Dark Templar x4  
  65  14:37  Pylon  
  65  14:44  Cybernetics Core, Gateway  
  61  14:50  Zealot x2  
  61  14:51  Zealot x3  
  61  14:52  Nexus  
  71  14:53  Pylon  
  65  15:04  Forge  
  65  15:08  Pylon  
  65  15:12  Pylon  
  65  15:16  Pylon  
  65  15:34  Stargate  
  59  15:35  Stargate  
  59  15:38  Stargate  
  43  15:44  Stargate  
  43  15:45  Stargate  
  43  15:47  Stargate  
  33  15:50  Assimilator  
  33  15:52  Zealot x4  
  33  15:54  Assimilator  
  41  15:58  Shield Battery  
  41  16:00  Shield Battery  
  41  16:01  Pylon  
  41  16:03  Probe  
  42  16:12  Void Ray  
  42  16:15  Probe  
  29  16:28  Probe  
  29  16:29  Void Ray  
  29  16:30  Void Ray  
  19  16:39  Forge  
  27  16:44  Pylon  
  27  16:54  Void Ray (Chrono Boost)  
  27  17:01  Probe  
  32  17:09  Nexus  
  32  17:10  Void Ray (Chrono Boost)  
  32  17:11  Pylon  
  32  17:12  Photon Cannon  
  32  17:13  Probe, Photon Cannon  
  33  17:16  Photon Cannon  
  33  17:19  Photon Cannon, Gateway  
  37  17:25  Probe  
  37  17:33  Photon Cannon  
  37  17:37  Probe  
Tags
 
Add a new tag
Caveats
  • Supply blocks, unpowered buildings, or Contaminate may cause inaccurate times.
  • Supply counts are checked every 10 seconds.